Map: [TLMC19] Amphion

Players

Wayne (Vanya)

  • Race: Zerg Zerg
  • Spawn Location: 7:00

DKZherO (herO) - Winner!

  • Race: Protoss Protoss
  • Spawn Location: 11:00

VOD

Have the link to the VOD?

Description

Time

  • Played on: Dec. 21, 2023, 7:32 a.m.
  • Length: 14:55
Show
View Real Time Build Order
Export as new Build Order

Wayne Zerg 

Build Orders: Hatch First 

Get SALT Encoding   

  12  0:00  Drone  
  13  0:13  Overlord  
  13  0:17  Drone  
  14  0:31  Drone  
  14  0:32  Drone  
  16  0:50  Hatchery  
  16  0:53  Drone  
  16  0:57  Drone  
  16  1:00  Drone  
  18  1:11  Extractor  
  17  1:16  Spawning Pool  
  16  1:19  Drone  
  16  1:22  Drone  
  18  1:31  Drone  
  19  1:41  Drone  
  20  1:52  Drone  
  21  2:03  Queen x2  
  21  2:04  Drone, Overlord  
  26  2:13  Drone x2  
  28  2:26  Hatchery  
  27  2:30  Drone  
  27  2:32  Zergling x2  
  27  2:34  Drone  
  30  2:41  Queen  
  32  2:46  Overlord  
  32  2:50  Metabolic Boost  
  32  2:54  Zergling x2  
  32  2:55  Zergling x2  
  32  2:57  Zergling x2  
  35  2:59  Drone  
  36  3:08  Queen  
  36  3:12  Drone x3  
  40  3:16  Overlord  
  40  3:21  Drone x3  
  43  3:33  Queen  
  44  3:35  Spore Crawler  
  44  3:40  Drone  
  44  3:41  Spore Crawler  
  44  3:42  Drone x2  
  46  3:53  Zergling x4  
  46  3:54  Drone x3  
  46  3:55  Drone x3  
  52  3:56  Drone  
  52  4:01  Spore Crawler  
  52  4:03  Drone  
  53  4:11  Spore Crawler, Drone  
  53  4:13  Evolution Chamber  
  52  4:17  Queen  
  55  4:30  Zergling x4  
  56  4:31  Drone  
  56  4:33  Overlord  
  56  4:34  Overlord  
  57  4:38  Zerg Melee Weapons Level 1  
  56  4:49  Drone x4  
  57  4:53  Hatchery  
  56  5:01  Zergling x4  
  56  5:05  Drone x7  
  64  5:08  Drone  
  64  5:09  Drone  
  64  5:10  Spore Crawler  
  64  5:11  Overlord  
  64  5:12  Drone x2  
  67  5:19  Lair  
  67  5:21  Overlord  
  67  5:22  Overlord, Extractor  
  67  5:23  Overlord  
  66  5:29  Overlord  
  66  5:30  Drone  
  66  5:31  Drone x3  
  70  5:40  Drone x7  
  77  5:45  Extractor  
  77  5:47  Hatchery, Roach Warren, Extractor  
  77  5:48  Drone x2  
  77  5:49  Drone  
  76  5:56  Drone  
  76  5:57  Drone x3  
  80  6:05  Overlord  
  80  6:10  Overlord  
  77  6:12  Drone  
  77  6:13  Drone x2  
  77  6:14  Drone x2  
  77  6:16  Hatchery  
  81  6:18  Overseer  
  81  6:21  Overlord  
  81  6:23  Drone, Overlord  
  82  6:31  Zergling x2, Spire  
  82  6:32  Zergling x6  
  82  6:38  Drone x5  
  85  6:45  Extractor  
  85  6:46  Extractor  
  83  6:49  Queen  
  83  6:50  Queen  
  83  6:51  Drone x5  
  83  6:53  Drone x2  
  94  6:55  Drone x2  
  94  6:59  Zerg Melee Weapons Level 2  
  96  7:07  Drone x2  
  98  7:11  Overlord  
  98  7:14  Drone x8  
  105  7:25  Extractor  
  105  7:26  Overlord, Extractor  
  103  7:30  Drone  
  103  7:31  Drone x3  
  103  7:32  Drone x3  
  110  7:42  Drone x4  
  111  7:44  Drone x2  
  111  7:45  Drone  
  114  7:57  Zerg Flyer Weapons Level 1, Mutalisk x10  
  134  8:04  Overlord, Extractor  
  133  8:06  Extractor  
  132  8:14  Drone x2  
  132  8:15  Drone  
  132  8:18  Mutalisk x4  
  143  8:22  Overlord x2  
  143  8:23  Mutalisk  
  143  8:25  Zergling x10  
  150  8:29  Mutalisk  
  150  8:33  Spore Crawler  
  151  8:34  Overlord  
  149  8:41  Overlord  
  149  8:46  Hatchery  
  149  8:47  Mutalisk x4  
  156  8:49  Zergling x20  
  166  8:56  Mutalisk x2  
  170  9:10  Corruptor x4  
  170  9:12  Overlord  
  178  9:17  Corruptor  
  178  9:18  Corruptor  
  178  9:23  Corruptor  
  182  9:25  Zergling x22  
  195  9:37  Corruptor x4  
  198  9:41  Drone, Baneling Nest  
  198  9:54  Zergling x4  
  178  10:12  Corruptor  
  178  10:13  Corruptor x7  
  158  10:14  Zergling x8  
  158  10:15  Zergling x2  
  158  10:20  Corruptor  
  160  10:23  Drone x2  
  163  10:30  Zergling x24  
  163  10:35  Zergling x10  
  177  10:48  Zergling x34  
  169  10:59  Corruptor  
  169  11:00  Corruptor x3  
  173  11:04  Zerg Flyer Armor Level 1  
  173  11:07  Zergling x2  
  173  11:08  Zergling x12  
  173  11:25  Corruptor x6  
  165  11:29  Drone x3, Baneling Nest  
  175  11:35  Overlord x2  
  175  11:43  Zergling x10  
  177  11:47  Overlord  
  177  11:51  Glial Reconstitution  
  168  11:54  Roach  
  168  11:55  Roach x8  
  186  12:02  Overlord x2  
  186  12:06  Overlord  
  186  12:09  Overlord  
  186  12:15  Centrifugal Hooks  
  182  12:16  Overlord  
  182  12:21  Roach x10  
  186  12:32  Spine Crawler  
  186  12:33  Spine Crawler  
  186  12:34  Zergling x24  
  196  12:37  Ravager x4  
  196  12:39  Baneling  
  196  12:40  Baneling x6  
  200  12:48  Baneling x9, Infestation Pit  
  199  12:57  Drone x4, Spore Crawler  
  199  12:58  Drone x3  
  174  13:20  Corruptor x2  
  174  13:22  Zergling x24  
  174  13:23  Zergling x20  
  195  13:35  Overseer  
  195  13:36  Overseer  
  195  13:39  Zergling x26  
  192  13:45  Baneling x12  
  168  13:56  Roach x11  
  168  13:57  Roach  
  165  14:07  Roach x8  
  157  14:14  Roach x5  
  153  14:18  Roach  
  153  14:19  Roach x2  
  149  14:25  Zergling x4  
  149  14:26  Roach x2  
  149  14:29  Zergling x4, Roach x2  
  150  14:32  Zergling x4, Roach  
  150  14:37  Zergling x2  
  150  14:38  Zergling x8  
Show
View Real Time Build Order
Export as new Build Order

DKZherO Protoss - Winner!

Build Orders: 1 Gate Expand, Oracle Opening 

Get SALT Encoding   

  12  0:00  Probe  
  13  0:12  Probe  
  14  0:18  Pylon  
  14  0:24  Probe (Chrono Boost)  
  15  0:29  Assimilator  
  15  0:36  Probe (Chrono Boost)  
  16  0:45  Probe (Chrono Boost)  
  16  0:47  Gateway  
  17  0:51  Probe  
  18  1:03  Probe  
  19  1:15  Probe  
  20  1:26  Nexus  
  20  1:36  Cybernetics Core  
  20  1:38  Probe  
  21  1:44  Assimilator  
  21  1:51  Probe  
  22  1:54  Pylon  
  22  2:03  Probe  
  23  2:10  Adept (Chrono Boost)  
  23  2:15  Probe  
  26  2:17  Stargate  
  26  2:20  Warp Gate  
  26  2:27  Probe (Chrono Boost)  
  27  2:32  Adept  
  29  2:38  Probe (Chrono Boost)  
  31  2:45  Probe (Chrono Boost)  
  31  2:47  Probe (Chrono Boost)  
  32  2:52  Probe x2 (Chrono Boost)  
  34  2:58  Oracle (Chrono Boost)  
  34  3:03  Probe  
  34  3:04  Probe  
  39  3:06  Adept  
  41  3:16  Gateway  
  41  3:18  Pylon  
  41  3:20  Probe x2  
  43  3:28  Oracle (Chrono Boost)  
  43  3:33  Probe x2  
  46  3:45  Probe  
  46  3:46  Probe  
  46  3:55  Oracle (Chrono Boost)  
  46  4:01  Probe  
  46  4:02  Probe  
  51  4:04  Pylon  
  51  4:15  Assimilator, Probe x2  
  51  4:16  Assimilator  
  53  4:24  Nexus  
  53  4:25  Adept x2  
  53  4:26  Pylon  
  55  4:33  Probe x2  
  55  4:36  Fleet Beacon  
  57  4:49  Probe x2  
  59  4:53  Stalker  
  59  4:58  Shield Battery  
  59  4:59  Pylon  
  61  5:03  Probe x2  
  59  5:13  Assimilator  
  59  5:14  Shield Battery  
  59  5:15  Assimilator, Probe x2  
  59  5:19  Tempest (Chrono Boost)  
  61  5:27  Stargate  
  66  5:32  Probe x2  
  68  5:36  Probe  
  68  5:41  Gateway, Forge  
  69  5:49  Probe  
  70  5:51  Tempest (Chrono Boost), Probe x2  
  77  5:59  Pylon  
  77  6:03  Probe x2  
  77  6:04  Probe  
  80  6:11  Protoss Air Weapons Level 1  
  80  6:15  Probe x2  
  80  6:16  Probe, Carrier (Chrono Boost)  
  80  6:21  Carrier (Chrono Boost)  
  92  6:30  Pylon  
  92  6:32  Pylon  
  92  6:35  Stargate  
  92  6:37  Probe x2  
  92  6:38  Probe  
  92  6:39  Protoss Ground Weapons Level 1  
  95  6:44  Pylon  
  95  6:50  Pylon  
  95  6:51  Pylon, Probe  
  95  6:52  Probe x2  
  98  6:57  Twilight Council  
  98  7:01  Robotics Facility  
  98  7:10  Pylon  
  98  7:16  Carrier x2 (Chrono Boost)  
  110  7:24  Carrier (Chrono Boost)  
  116  7:32  Shield Battery  
  116  7:33  Probe x3  
  119  7:45  Blink  
  119  7:48  Nexus  
  119  7:49  Photon Cannon  
  119  7:51  Sentry  
  119  7:52  Pylon  
  119  7:57  Stalker x2  
  126  8:00  Observer  
  126  8:02  Gateway  
  126  8:07  Gateway, Probe  
  126  8:08  Probe x2  
  129  8:15  Gateway x2  
  131  8:20  Probe x3  
  131  8:24  Gateway  
  131  8:27  Assimilator, Warp Prism (Chrono Boost)  
  133  8:32  Assimilator  
  134  8:34  Gateway  
  134  8:43  Stalker x3  
  140  8:55  Probe x3  
  147  8:58  Shield Battery  
  143  9:07  Probe  
  143  9:08  Phoenix x3 (Chrono Boost)  
  149  9:12  Anion Pulse-Crystals  
  149  9:24  Phoenix x3 (Chrono Boost)  
  149  9:29  Gateway  
  155  9:33  Stalker x3  
  161  9:46  Pylon  
  161  9:47  Pylon  
  161  9:49  Phoenix x3  
  161  9:50  Pylon  
  161  9:52  Pylon  
  167  10:01  Stalker x2  
  163  10:08  Stalker x5  
  163  10:11  Stalker  
  163  10:14  Phoenix  
  163  10:16  Protoss Air Weapons Level 2  
  163  10:24  Pylon  
  163  10:28  Stalker x3  
  163  10:29  Photon Cannon  
  163  10:33  Stalker x4  
  163  10:34  Observer  
  163  10:35  Stalker  
  180  10:36  Stalker  
  158  10:52  Zealot x3  
  133  11:01  Charge (Chrono Boost), Templar Archives  
  108  11:05  Stalker x6  
  116  11:17  Stalker x3  
  122  11:23  Probe  
  122  11:24  Probe x3  
  124  11:29  Zealot x6  
  136  11:41  Zealot, High Templar x2  
  136  11:44  Gateway  
  136  11:45  Warp Prism (Chrono Boost), Archon  
  142  11:50  Zealot x2, High Templar x2  
  142  11:51  Zealot x2  
  148  11:56  Pylon  
  148  12:06  Mothership (Chrono Boost)  
  148  12:07  Archon  
  148  12:18  Zealot x7  
  148  12:20  Nexus  
  158  12:28  High Templar x2  
  161  12:30  Nexus  
  161  12:31  Probe  
  161  12:32  Probe  
  161  12:34  Pylon  
  161  12:35  Archon  
  163  12:39  High Templar  
  163  12:40  High Templar x3  
  172  12:44  Archon  
  172  12:45  Archon, Immortal (Chrono Boost)  
  172  12:49  Probe (Chrono Boost), Pylon  
  177  12:54  Probe (Chrono Boost)  
  177  12:57  Probe (Chrono Boost)  
  177  12:58  Stalker  
  170  13:21  Zealot x3, High Templar x2  
  170  13:22  Zealot x4  
  170  13:26  Shield Battery  
  182  13:44  Archon  
  182  13:45  High Templar x3  
  182  13:46  Zealot, High Templar  
  182  13:47  Zealot x2  
  192  13:50  Archon  
  192  13:51  Archon  
  192  13:54  Zealot  
  192  13:55  Zealot x2  
  159  14:06  Warp Prism (Chrono Boost)  
  149  14:12  Probe x4  
  149  14:15  High Templar x3  
  149  14:16  Stalker  
  161  14:17  Zealot x3  
  161  14:18  Zealot x3  
  174  14:24  Probe x4  
  169  14:36  Probe x2  
  165  14:41  Stalker x3  
  165  14:42  Stalker x4  
  165  14:45  Archon  
  179  14:48  Stalker x3  
Tags
 
Add a new tag
Caveats
  • Supply blocks, unpowered buildings, or Contaminate may cause inaccurate times.
  • Supply counts are checked every 10 seconds.